 Dungeon Crawl Stone Soup version 0.29-a0-892-g2c4c91d9db (webtiles) character file.

Game seed: 11193143305358636482

4217 zeratav the Tainter (level 10, -6/71 HPs)
             Began as an Octopode Venom Mage on July 22, 2022.
             Was an Initiate of Gozag.
             Mangled by a two-headed ogre
             ... wielding a +0 dire flail
              (17 damage)
             ... on level 9 of the Dungeon.
             The game lasted 00:14:24 (10935 turns).

zeratav the Tainter (Octopode Venom Mage)          Turns: 10935, Time: 00:14:24

Health: -6/71      AC:  6    Str:  7    XL:     10   Next: 30%
Magic:  8/16       EV: 16    Int: 21    God:    Gozag
Gold:   411        SH:  0    Dex: 14    Spells: 10/17 levels left

rFire   + + .      SeeInvis .   n - +2 short sword (protect) {short}
rCold   + . .      Faith    .   (no shield)
rNeg    . . .      Spirit   .   H - +1 hat
rPois   .          Reflect  .   l - amulet of the acrobat
rElec   .          Harm     .   e - ring of wizardry
rCorr   .          Rampage  .   s - +4 ring of slaying
Will    .....                   w - ring of protection from fire
Stlth   ++++......              A - +4 ring of protection
HPRegen 0.21/turn               C - ring of protection from cold
MPRegen 0.15/turn               J - ring of protection from fire
                                (no ring)
                                (no ring)

@: no status effects
A: almost no armour, amphibious, 8 rings, camouflage 1, gelatinous body 1,
(nimble swimmer 1), tentacles
a: Renounce Religion, Potion Petition, Call Merchant, Bribe Branch


You were on level 9 of the Dungeon.
You worshipped Gozag.
Gozag was aware of your devotion.
You visited 2 branches of the dungeon, and saw 10 of its levels.

You collected 889 gold pieces.
You spent 354 gold pieces at shops.
You paid 124 gold pieces to Gozag.


Innate Abilities, Weirdness & Mutations

You cannot wear most types of armour.
You are amphibious.
You can wear up to eight rings at the same time.
Your skin changes colour to match your surroundings (Stealth+).
Your rubbery body absorbs attacks. (AC +1, EV +1)
((You are camouflaged when in or above water. (Stealth+)))
You have tentacles for arms and can constrict up to eight enemies at once.


   Skills:
 - Level 7.0 Fighting
 - Level 7.0 Dodging
 - Level 5.0 Stealth
 + Level 4.2 Spellcasting
 + Level 3.9 Conjurations
 + Level 3.9 Hexes
 - Level 1.0 Transmutations
 - Level 10.0 Poison Magic


You had 10 spell levels left.
You knew the following spells:

 Your Spells              Type           Power      Damage    Failure   Level
a - Sting                 Tmut/Pois      100%       1d8       1%          1
b - Poisonous Vapours     Pois/Air       50%        N/A       1%          2
c - Olgreb's Toxic Radia  Pois           46%        N/A       1%          4

Your spell library contained the following spells:

 Spells                   Type           Power      Damage    Failure   Level
 Magic Dart               Conj           80%        1d7       1%          1
 Searing Ray              Conj           40%        2d5       1%          2
 Spider Form              Tmut/Pois      27%        N/A       1%          3
 Mephitic Cloud           Conj/Pois/Air  23%        N/A       2%          3
 Beastly Appendage        Tmut           16%        N/A       3%          1
 Wereblood                Tmut           8%         N/A       4%          2
 Fulminant Prism          Conj/Hex       10%        3d9       10%         4
 Gell's Gravitas          Tloc           4%         N/A       14%         3
 Lesser Beckoning         Tloc           4%         N/A       14%         3
 Teleport Other           Tloc           4%         N/A       14%         3

Inventory:

Hand Weapons
 n - a +2 short sword of protection (weapon) {short}
   (You found it on level 2 of the Dungeon)
 I - a +0 demon blade of venom {long}
   (You took it off a wight on level 7 of the Dungeon)
Armour
 k - a +0 buckler
   (You found it on level 2 of the Dungeon)
 H - a +1 hat (worn)
   (You bought it in a shop on level 8 of the Dungeon)
Jewellery
 e - a ring of wizardry (left tentacle)
   (You found it on level 1 of the Dungeon)
 g - a ring of ice
   (You found it on level 1 of the Dungeon)
 l - an amulet of the acrobat (around mantle)
   (You found it on level 2 of the Dungeon)
 s - a +4 ring of slaying (right tentacle)
   (You found it on level 4 of the Dungeon)
 w - a ring of protection from fire (on tentacle)
   (You found it on level 4 of the Dungeon)
 A - a +4 ring of protection (on tentacle)
   (You found it on level 5 of the Dungeon)
 C - a ring of protection from cold (on tentacle)
   (You found it on level 6 of the Dungeon)
 J - a ring of protection from fire (on tentacle)
   (You found it on level 8 of the Dungeon)
Wands
 v - a wand of mindburst (11)
   (You found it on level 4 of the Dungeon)
 G - a wand of roots (14)
   (You took it off a kobold on level 7 of the Dungeon)
Scrolls
 b - 2 scrolls of enchant weapon {unknown}
 f - a scroll of poison {unknown}
 h - a scroll of teleportation {unknown}
 i - a scroll of acquirement {unknown}
 m - 2 scrolls of fear {unknown}
 p - a scroll of blinking {unknown}
 u - 2 scrolls of noise {unknown}
 x - 6 scrolls of identify {@r1}
 y - 3 scrolls of vulnerability {unknown}
 B - a scroll of amnesia {unknown}
 F - 4 scrolls of fog {unknown}
Potions
 a - a potion of magic
 c - 2 potions of flight
 d - a potion of cancellation
 j - a potion of lignification {!q}
 o - 2 potions of curing {@q1}
 q - 2 potions of brilliance
 r - 4 potions of heal wounds {unknown}
 t - a potion of ambrosia {unknown}
 z - a potion of attraction {unknown}
 D - a potion of resistance {unknown}
 E - a potion of mutation {unknown}

Dungeon Overview and Level Annotations

Branches:
Dungeon (9/15) Zot: 26896  Temple (1/1) D:6 Zot: 5960
   Lair: D:8-11         Orc: D:9-12

Altars:
Ashenzari
Cheibriados
Dithmenos
Elyvilon
Fedhas
Gozag
Hepliaklqana
Kikubaaqudgha
Makhleb
Nemelex Xobeh
Okawaru
Qazlal
Ru
Sif Muna
Trog
Uskayaw
Vehumet
Wu Jian
Xom
Yredelemnul
Zin
The Shining One

Shops:
D:4 ([=   D:5 (!!   D:6 !   D:8 [(*

Annotations:
D:3 Grinder
D:7 exclusion: centaur
D:8 Joseph

.....# ....#
#...# #.
#...# #..#
#.#.###.O#
#.#.#..# ..
#...$###....
#..O........
#..@....#...
#......##
#(....##
#.....#
#######


You could see a two-headed ogre (very poisoned).


Message History

The orc warrior is poisoned.
The two-headed ogre looks even sicker.
MP[-4]
You lost 4 mp, and now have 12/16 mp.
The two-headed ogre looks even sicker.
The orc warrior looks even sicker.
Your toxic aura wanes.
There is a stone staircase leading up here.
Casting: Olgreb's Toxic Radiance (dangerous; 1% risk of failure)
Confirm with . or Enter, or press ? or * to list all spells.
Aiming: Poisonous Vapours (safe; 1% risk of failure)
Press: ? - help, Dir - move target, f - orc warrior
Aim: an orc warrior, wielding a +0 halberd and wearing a +0 chain mail (moderately wounded, very poisoned) Poisonous vapours surround the orc warrior!
The orc warrior looks as sick as possible!
The orc warrior completely misses you.
MP[-2]
You lost 2 mp, and now have 10/16 mp.
Casting: Poisonous Vapours (safe; 1% risk of failure)
Confirm with . or Enter, or press ? or * to list all spells.
Aiming: Poisonous Vapours (safe; 1% risk of failure)
Press: ? - help, Dir - move target, f/p - orc warrior
Aim: an orc warrior, wielding a +0 halberd and wearing a +0 chain mail (heavily wounded, extremely poisoned) Poisonous vapours surround the orc warrior!
The orc warrior looks as sick as possible!
The orc warrior misses you.
MP[-2]
You lost 2 mp, and now have 8/16 mp.
Casting: Poisonous Vapours (safe; 1% risk of failure)
Confirm with . or Enter, or press ? or * to list all spells.
Aiming: Poisonous Vapours (safe; 1% risk of failure)
Press: ? - help, Dir - move target, f - two-headed ogre, p - orc warrior
Aim: a two-headed ogre, wielding two +0 dire flails (moderately wounded, very poisoned) Poisonous vapours surround the two-headed ogre!
The two-headed ogre looks as sick as possible!
The orc warrior hits you from afar with a +0 halberd!
HP[-14] MP[-2]
You take 14 damage, and now have 57/71 hp.
You lost 2 mp, and now have 6/16 mp.
You kill the orc warrior!
MP[+1]
Aiming: Paralyse
Press: ? - help, Q - select action, (/) - cycle Shift-Dir - straight line, f/p - two-headed ogre
Aim: a two-headed ogre, wielding two +0 dire flails (moderately wounded, extremely poisoned, chance to affect: 31%)
The two-headed ogre easily resists.
Aiming: Paralyse
Press: ? - help, Q - select action, (/) - cycle Shift-Dir - straight line, f/p - two-headed ogre
Aim: a two-headed ogre, wielding two +0 dire flails (moderately wounded, extremely poisoned, chance to affect: 31%)
The two-headed ogre easily resists.
The two-headed ogre hits you with a +0 dire flail!
The two-headed ogre hits you with a +0 dire flail!!
* * * LOW HITPOINT WARNING * * *
HP[-30]
You take 30 damage, and now have 27/71 hp.
MASSIVE DAMAGE!! (PAUSE)
Aiming: Paralyse
Press: ? - help, Q - select action, (/) - cycle Shift-Dir - straight line, f/p - two-headed ogre
Aim: a two-headed ogre, wielding two +0 dire flails (moderately wounded, very poisoned, chance to affect: 31%)
The two-headed ogre easily resists.
The two-headed ogre barely misses you. The two-headed ogre misses you.
Aiming: Paralyse
Press: ? - help, Q - select action, (/) - cycle Shift-Dir - straight line, f/p - two-headed ogre
Aim: a two-headed ogre, wielding two +0 dire flails (moderately wounded, very poisoned, chance to affect: 31%)
The two-headed ogre easily resists.
The now-empty wand crumbles to dust.
HP[+1]
Aiming: Mindburst
Press: ? - help, Q - select action, (/) - cycle Shift-Dir - straight line, f/p - two-headed ogre
Aim: a two-headed ogre, wielding two +0 dire flails (moderately wounded, very poisoned, chance to affect: 47%)
The two-headed ogre resists with some effort.
The two-headed ogre completely misses you.
The two-headed ogre barely misses you.
Aiming: Mindburst
Press: ? - help, Shift-Dir - straight line, f/p - two-headed ogre
Aim: a two-headed ogre, wielding two +0 dire flails (moderately wounded, very poisoned, chance to affect: 47%)
The two-headed ogre resists with some effort.
The two-headed ogre misses you.
The two-headed ogre hits you with a +0 dire flail.
* * * LOW HITPOINT WARNING * * *
HP[-5] MP[+1]
You take 5 damage, and now have 23/71 hp.
Aiming: Mindburst
Press: ? - help, Shift-Dir - straight line, f/p - two-headed ogre
Aim: a two-headed ogre, wielding two +0 dire flails (heavily wounded, very poisoned, chance to affect: 47%)
The two-headed ogre's minds are blasted!
Aiming: Mindburst
Press: ? - help, Shift-Dir - straight line, f/p - two-headed ogre
Aim: a two-headed ogre, wielding two +0 dire flails (severely wounded, very poisoned, chance to affect: 47%)
The two-headed ogre's minds are blasted!
The two-headed ogre hits you with a +0 dire flail!
* * * LOW HITPOINT WARNING * * *
The two-headed ogre misses you.
HP[-6]
You take 6 damage, and now have 17/71 hp.
Aiming: Mindburst
Press: ? - help, Shift-Dir - straight line, f/p - two-headed ogre
Aim: a two-headed ogre, wielding two +0 dire flails (almost dead, very poisoned, chance to affect: 47%)
The two-headed ogre resists with some effort.
The two-headed ogre hits you with a +0 dire flail.
* * * LOW HITPOINT WARNING * * *
The two-headed ogre hits you with a +0 dire flail!
You die...
Your body crumbles into a pile of gold.

Skill      XL: |  1  2  3  4  5  6  7  8  9 10 |
---------------+-------------------------------+-----
Stealth        | 3 4 5 |  5.0
Poison Magic   | 4 5 9 10 | 10.0
Fighting       | 1 4 7 |  7.0
Dodging        | 5 7 |  7.0
Conjurations   | 2 3 |  3.9
Hexes          | 2 3 |  3.9
Spellcasting   | 3 4 |  4.2
Transmutations | |  1.0

Action                   |  1- 3 |  4- 6 |  7- 9 | 10-12 || total
-------------------------+-------+-------+-------+-------++-------
Melee: Spear             |    47 |       |       |       ||    47
       Club              |     4 |       |       |       ||     4
       Unarmed           |     2 |       |     8 |       ||    10
       Constrict         |    11 |    10 |    36 |     2 ||    59
       Tentacles         |    11 |     7 |    44 |    11 ||    73
       Short sword       |     3 |    35 |   192 |    19 ||   249
       Punch             |       |       |     5 |       ||     5
 Cast: Sting             |    26 |    10 |    24 |     5 ||    65
       Poisonous Vapours |     2 |     6 |    36 |     6 ||    50
       Olgreb's Toxic Ra |       |     1 |    19 |     8 ||    28
Evoke: Wand              |       |       |     2 |     9 ||    11
  Use: Potion            |       |       |     5 |       ||     5
 Stab: Sleeping          |     4 |     3 |     6 |     2 ||    15
       Distracted        |       |       |     2 |       ||     2
Armor: Skin              |    10 |     9 |    55 |     6 ||    80
Dodge: Dodged            |    33 |    21 |   156 |    37 ||   247

Levels and vault maps discovered:
D:1:      lightli_arrival_boilingwater, layout_rooms, serial_co_window_serial,
          co_window_paths_a, co_window_corner_a, co_window_cross_1,
          co_window_paths_b, co_window_corner_a, co_window_corner_a,
          co_window_paths_a, co_window_broadway_a, co_window_2corner,
          co_window_paths_c, co_window_paths_e, co_window_4corner_a,
          glass_columns_a, glass_columns_a, minmay_gold_behind_fungi,
          chequers_serial_rivers_small_b, dreamdust_princess_bridge,
          minivault_27
D:2:      layout_rooms
D:3:      layout_basic, lemuel_coloured_pillars_altar, uniq_grinder
D:4:      layout_layer_cave, mainiacjoe_overflow_big_doors, serial_shops, shop,
          shop, nicolae_stop_n_shop_2, nicolae_stop_n_shop_1, uniq_pikel,
          uniq_blork_the_orc
D:5:      layout_loops_corners, serial_shops, shop, nicolae_shop_hallway_stairs,
          nicolae_shop_statue_plus, serial_bayou_lagoon_b
D:6:      layout_layer_cave, kennysheep_mini, nicolae_tso_besieged_by_evil,
          nicolae_dithmenos_through_a_glass_darkly, temple_green, serial_shops,
          nicolae_shop_trees
D:7:      layout_loops_ring
D:8:      layout_loops_ring, gammafunk_temple_overflow_pools,
          worldfamousw_hep_ancestral_shrine, corexii_leaking_fountain,
          nicolae_wooded_promenade, uniq_joseph
D:9:      minmay_the_grid_triangle_9x9_recursive_2_mashed
          [minmay_the_grid_triangle_9x9_prize_top_heavy,
          minmay_the_grid_triangle_9x9_empty,
          minmay_the_grid_triangle_9x9_thin_v,
          minmay_the_grid_triangle_9x9_corruption], layout_rooms, uniq_erolcha,
          uniq_grum
Temple:   hellmonk_temple_divided_pantheon

Notes
Turn   | Place    | Note
-------+----------+-------------------------------------------
     0 | D:1      | zeratav the Octopode Venom Mage began the quest for the
                  | Orb.
     0 | D:1      | Reached XP level 1. HP: 11/11 MP: 3/3
     0 | D:1      | magus.rc [v1.9.6]
   119 | D:1      | Reached skill level 3 in Stealth
   421 | D:1      | Reached skill level 4 in Poison Magic
   421 | D:1      | Reached XP level 2. HP: 17/17 MP: 0/5
  1615 | D:2      | Reached XP level 3. HP: 15/21 MP: 6/6
  1622 | D:2      | Reached skill level 4 in Stealth
  2024 | D:2      | Learned a level 2 spell: Poisonous Vapours
  2032 | D:2      | Reached XP level 4. HP: 15/27 MP: 2/7
  2091 | D:2      | Reached skill level 5 in Poison Magic
  2287 | D:2      | Reached skill level 5 in Stealth
  2768 | D:3      | Learned a level 4 spell: Olgreb's Toxic Radiance
  2901 | D:3      | Noticed Grinder
  3251 | D:3      | Reached XP level 5. HP: 31/31 MP: 8/8
  3399 | D:3      | Found a hide-covered altar of Uskayaw.
  3434 | D:4      | Found Sawkaupp's Antique Weapon Boutique.
  3536 | D:4      | Found Zul Gelo's Antique Armour Shoppe.
  3545 | D:4      | Noticed a lemure
  3546 | D:4      | Noticed Pikel
  3553 | D:4      | Noticed a lemure
  3564 | D:4      | Killed Pikel
  3565 | D:4      | Reached skill level 9 in Poison Magic
  3565 | D:4      | Reached XP level 6. HP: 36/36 MP: 2/9
  3565 | D:4      | Reached XP level 7. HP: 41/41 MP: 2/10
  3883 | D:4      | Found Beipaux's Assorted Antiques.
  4063 | D:4      | Found a stormy altar of Qazlal.
  4122 | D:4      | Found Huaczyorchu's Jewellery Emporium.
  4136 | D:4      | Noticed Blork the orc
  4148 | D:4      | Killed Blork the orc
  4149 | D:4      | Reached skill level 10 in Poison Magic
  4475 | D:4      | Found a shimmering blue altar of Sif Muna.
  4666 | D:4      | Reached skill level 1 in Fighting
  4666 | D:4      | Reached XP level 8. HP: 48/48 MP: 11/11
  4931 | D:5      | Entered Level 5 of the Dungeon
  4936 | D:5      | Found Yhitypoi's Distillery.
  4942 | D:5      | You pick up a book of Displacement and begin reading...
  4942 | D:5      | You add the spells Lesser Beckoning, Gell's Gravitas and
                  | Teleport Other to your library.
  4947 | D:5      | Bought a potion of curing for 39 gold pieces
  5104 | D:5      | Reached skill level 2 in Fighting
  5104 | D:5      | Reached skill level 3 in Dodging
  5347 | D:5      | Reached skill level 3 in Fighting
  5349 | D:5      | Reached skill level 4 in Dodging
  5492 | D:5      | Found Johau's Antique Weapon Shop.
  5797 | D:5      | Found Qog Sarham's Distillery.
  5901 | D:5      | Reached skill level 4 in Fighting
  6168 | D:5      | Reached skill level 5 in Dodging
  6963 | D:6      | Reached XP level 9. HP: 45/60 MP: 12/12
  6970 | D:6      | Found a glowing golden altar of the Shining One.
  6981 | D:6      | Reached skill level 5 in Fighting
  7070 | D:6      | Found a shadowy altar of Dithmenos.
  7277 | D:6      | You pick up a book of Conjurations and begin reading...
  7277 | D:6      | You add the spells Magic Dart, Searing Ray and Fulminant
                  | Prism to your library.
  7506 | D:6      | Found a burning altar of Makhleb.
  7626 | D:6      | Found Ajeets's Distillery.
  7634 | D:6      | Bought 2 potions of degeneration for 20 gold pieces
  7982 | D:6      | Found a staircase to the Ecumenical Temple.
  7988 | Temple   | Entered the Ecumenical Temple
  7988 | Temple   | Found a transporter.
  7988 | Temple   | Found a transporter.
  7990 | Temple   | Found a transporter.
  7990 | Temple   | Found a transporter.
  8000 | Temple   | Became a worshipper of Gozag Ym Sagoz the Greedy
  8166 | D:7      | Reached skill level 6 in Dodging
  8263 | D:7      | Reached skill level 6 in Fighting
  8477 | D:7      | Reached skill level 7 in Dodging
  8646 | D:7      | Reached skill level 7 in Fighting
  8646 | D:7      | Reached skill level 1 in Conjurations
  8646 | D:7      | Reached skill level 1 in Hexes
  8768 | D:7      | Reached skill level 2 in Conjurations
  8775 | D:7      | Reached skill level 2 in Hexes
  8779 | D:7      | Reached skill level 3 in Spellcasting
  8786 | D:7      | HP: 12/64 [wight/+4 dire flail (6)]
  8788 | D:7      | HP: 3/63 [wight/+4 dire flail (6)]
  9118 | D:7      | Reached XP level 10. HP: 70/71 MP: 8/14
  9450 | D:7      | Reached skill level 3 in Conjurations
  9450 | D:7      | Reached skill level 3 in Hexes
  9919 | D:8      | You pick up a book of Changes and begin reading...
  9919 | D:8      | You add the spells Beastly Appendage, Wereblood and Spider
                  | Form to your library.
 10075 | D:8      | Noticed Joseph
 10102 | D:8      | Found a hazy altar of Hepliaklqana.
 10253 | D:8      | Found a snail-covered altar of Cheibriados.
 10253 | D:8      | Found an iron altar of Okawaru.
 10372 | D:8      | Found Juuca's Armour Boutique.
 10372 | D:8      | Found Qymeuz's Antique Weapon Shop.
 10374 | D:8      | Found Udukk's General Store.
 10378 | D:8      | Bought a +1 hat for 132 gold pieces
 10387 | D:8      | Bought a scroll of identify for 24 gold pieces
 10387 | D:8      | Bought a scroll of identify for 24 gold pieces
 10387 | D:8      | Bought a wand of paralysis (4) for 115 gold pieces
 10712 | D:8      | Found Udukk's General Store.
 10714 | D:8      | Found Qymeuz's Antique Weapon Shop.
 10716 | D:8      | Found Juuca's Armour Boutique.
 10748 | D:8      | Reached skill level 4 in Spellcasting
 10832 | D:9      | Noticed a two-headed ogre
 10919 | D:9      | Noticed a two-headed ogre
 10934 | D:9      | HP: 17/71 [two-headed ogre/+0 dire flail (7)]
 10935 | D:9      | Mangled by a two-headed ogre

Vanquished Creatures
  Pikel (D:4)
  3 yaks (D:7)
  4 steam dragons
  3 ice beasts
  2 orc warriors
  A black bear (D:5)
  2 ogres (D:5)
  2 phantoms (D:5)
  A kobold brigand (D:7)
  Blork the orc (D:4)
  3 bullfrogs (D:7)
  A scorpion (D:4)
  9 wights (D:7)
  6 killer bees
  A quasit (D:6)
  4 hounds
  An orc priest (D:5)
  2 gnoll boudas
  3 jellies
  5 iguanas
  3 orc wizards
  15 gnolls
  7 adders
  2 shadow imps (D:6)
  An ufetubus (D:5)
  2 worms
  3 dart slugs
  23 orcs
  2 bats (D:2)
  3 endoplasms
  3 giant cockroaches
  8 goblins
  6 hobgoblins
  9 jackals
  4 quokkas
  5 ball pythons
  A frilled lizard (D:1)
  2 hobgoblin zombies (D:6)
  11 kobolds
  2 kobold skeletons (D:6)
  3 kobold zombies (D:6)
  An orc skeleton (D:6)
  2 rats
173 creatures vanquished.

Vanquished Creatures (others)
  A plant (D:5)
  4 toadstools (D:1)
5 creatures vanquished.

Grand Total: 178 creatures vanquished

Table legend:
 A = Non-vault XP
 B = Vault XP
 C = Vault XP percentage of total XP
 D = Non-vault monster count
 E = Vault monster count
 F = Vault count percentage of total count
                 A         B        C        D         E       F
            +---------+---------+-------+---------+---------+-------
      Total |    5150 |     875 |  14.5 |     161 |      12 |   6.9
            +---------+---------+-------+---------+---------+-------
        D:1 |      32 |       0 |   0.0 |      17 |       0 |   0.0
        D:2 |     105 |       0 |   0.0 |      22 |       0 |   0.0
        D:3 |      44 |       0 |   0.0 |      10 |       0 |   0.0
        D:4 |     334 |     701 |  67.7 |      18 |       2 |  10.0
        D:5 |     925 |       0 |   0.0 |      24 |       0 |   0.0
        D:6 |     432 |      53 |  10.9 |      17 |       9 |  34.6
        D:7 |    2318 |       0 |   0.0 |      34 |       0 |   0.0
        D:8 |     899 |       0 |   0.0 |      18 |       0 |   0.0
        D:9 |      61 |     121 |  66.5 |       1 |       1 |  50.0
            +---------+---------+-------+---------+---------+-------

Illustrated notes

Table legend:
 A = Kills in this place as a percentage of kills in entire the game.
 B = Kills by you in this place as a percentage of kills by you in the entire game.
 C = Kills by friends in this place as a percentage of kills by friends in the entire game.
 D = Other kills in this place as a percentage of other kills in the entire game.
 E = Experience gained in this place as a percentage of experience gained in the entire game.
 F = Experience gained in this place divided by the number of levels of this place that you have seen.
                   A       B       C       D       E      F
               +-------+-------+-------+-------+-------+----------------------
         Total | 100.0 | 100.0 |   N/A |   N/A | 100.0 | 602.5
       Dungeon | 100.0 | 100.0 |   N/A |   N/A | 100.0 | 669.4
               +-------+-------+-------+-------+-------+----------------------

Table legend: (Time is in decaauts)
 A = Elapsed time spent in this place.
 B = Non-inter-level travel time spent in this place.
 C = Inter-level travel time spent in this place.
 D = Time resting spent in this place.
 E = Time spent auto-exploring this place.
 F = Levels seen in this place.
 G = Mean time per level.
                   A        B        C        D        E       F      G
               +--------+--------+--------+--------+--------+-----+--------+
         Total |  10958 |  10590 |    368 |   1346 |   8038 |  10 | 1095.8 |
       Dungeon |  10919 |  10560 |    359 |   1346 |   8027 |   9 | 1213.2 |
        Temple |     39 |     31 |      8 |      0 |     11 |   1 |   39.0 |
               +--------+--------+--------+--------+--------+-----+--------+

Top non-repeatable levels by time:
     D:7: 1681 daAuts
     D:6: 1663 daAuts
     D:1: 1605 daAuts
     D:5: 1533 daAuts
     D:4: 1495 daAuts
     D:8: 1082 daAuts
     D:2: 1005 daAuts
     D:3: 830 daAuts
  Temple: 39 daAuts
     D:9: 21 daAuts
